 Dungeon Crawl Stone Soup version 0.30-a0-359-gd0147acb1a (webtiles) character file.

Game seed: 12968552012712390780

735 sleeves the Carver (level 7, -5/52 HPs)
             Began as a Demonspawn Monk on Nov 12, 2022.
             Killed from afar by a white imp (10 damage)
             ... with a puff of frost
             ... on level 5 of the Dungeon.
             The game lasted 00:06:26 (5102 turns).

sleeves the Carver (Demonspawn Monk)                Turns: 5102, Time: 00:06:27

Health: -5/52      AC:  5    Str: 11    XL:     7   Next: 45%
Magic:  7/7        EV: 11    Int: 15    God:
Gold:   342        SH:  0    Dex: 18    Spells: 6/6 levels left

rFire   . . .      SeeInvis +    a - +0 falchion
rCold   . . .      Faith    +    (no shield)
rNeg    . . .      Spirit   .    d - +0 ring mail
rPois   .          Reflect  .    (no helmet)
rElec   .          Harm     .    (no cloak)
rCorr   .          Rampage  .    (no gloves)
Will    .....                    (no boots)
Stlth   +.........               p - amulet of faith
HPRegen 0.28/turn                x - ring of see invisible
MPRegen 0.20/turn                (no ring)

@: no status effects
A: magic regeneration, big brain 2, weakness stinger 1
a: no special abilities


You were on level 5 of the Dungeon.
You visited 1 branch of the dungeon, and saw 5 of its levels.

You collected 342 gold pieces.

Inventory:

Hand Weapons
 a - a +0 falchion (weapon)
Armour
 b - a +0 robe
 d - a +0 ring mail (worn)
   (You found it on level 1 of the Dungeon)
Jewellery
 p - an amulet of faith (around neck)
   (You found it on level 3 of the Dungeon)
 x - a ring of see invisible (left hand)
   (You found it on level 5 of the Dungeon)
Wands
 i - a wand of digging (4)
   (You found it on level 2 of the Dungeon)
 k - a wand of roots (7)
   (You found it on level 2 of the Dungeon)
 o - a wand of flame (11)
   (You found it on level 3 of the Dungeon)
Scrolls
 e - a scroll of acquirement {unknown}
 f - 3 scrolls of poison {unknown}
 h - 2 scrolls of enchant armour {unknown}
 j - 2 scrolls of butterflies {unknown}
 l - 4 scrolls of identify {unknown}
 m - 2 scrolls of teleportation {unknown}
 n - a scroll of immolation {unknown}
 q - a scroll of vulnerability {unknown}
 r - a scroll of torment {unknown}
 t - a scroll of fear {unknown}
 w - a scroll of amnesia {unknown}
Potions
 c - a potion of ambrosia
 g - 3 potions of might {unknown}
 s - a potion of mutation {unknown}
 u - a potion of haste {unknown}
 v - a potion of invisibility {unknown}
 z - 2 potions of curing {unknown}
 A - a potion of lignification {unknown}


   Skills:
 - Level 3.0 Fighting
 + Level 8.1 Long Blades
 - Level 2.6 Dodging
 - Level 1.7 Stealth


You had 6 spell levels left.
You didn't know any spells.
Your spell library was empty.

Dungeon Overview and Level Annotations

Branches:
Dungeon (5/15)             Temple (0/1) D:5

Altars:
Trog

Shops:
D:4 *(   D:5 [

Annotations:
D:4 2 transporters, Aneyh's ghost, novice TeMo
D:5 Ijyb


Innate Abilities, Weirdness & Mutations

You regenerate magic rapidly.
You have an extremely huge brain. (Int +4)
You have a small tail.


Message History

You closely miss the phantom. You tail-slap the phantom.
The phantom is moderately damaged.
The phantom hits you.
The phantom blinks!
You blink.
You slash the phantom!
The phantom is severely damaged.
The phantom hits you but does no damage.
You completely miss the phantom.
The phantom is severely damaged.
The phantom hits you but does no damage.
You barely miss the phantom.
The phantom is severely damaged.
The phantom closely misses you.
You hit the phantom.
The phantom is almost destroyed.
The phantom closely misses you.
You hit the phantom.
The phantom is almost destroyed.
The phantom closely misses you.
You hit the phantom but do no damage.
The phantom is almost destroyed.
The phantom hits you.
You slash the phantom!
You destroy the phantom!
No target in view!
No target in view!
No target in view!
No target in view!
No target in view!
No target in view!
No target in view!
No target in view!
No target in view!
No target in view!
No target in view!
No target in view!
No target in view!
No target in view!
No target in view!
Found a stone staircase leading down.
Found 5 stones.
You enter the shallow water.
Moving in this stuff is going to be slow.
You enter the shallow water.
Moving in this stuff is going to be slow.
You enter the shallow water.
Moving in this stuff is going to be slow.
Found a stone staircase leading up.
No target in view!
No target in view!
No target in view!
No target in view!
No target in view!
No target in view!
No target in view!
No target in view!
No target in view!
No target in view!
No target in view!
There is a stone staircase leading up here.
A giant cockroach comes into view.
A giant cockroach is nearby!
A giant cockroach is nearby!
Found a stone staircase leading down.
Found a dark potion.
You hit the giant cockroach.
The giant cockroach is severely wounded.
The giant cockroach completely misses you.
The giant cockroach bites you.
You slash the giant cockroach!
You kill the giant cockroach!
No target in view!
No target in view!
No target in view!
No target in view!
No target in view!
No target in view!
No target in view!
Found Xolyoken's Overcharged Wands.
A jackal comes into view.
A jackal is nearby! 2 jackals come into view.
The jackal barks!
The jackal barks!
You hit the jackal.
You kill the jackal!
You hear a bark!
Found a robe.
The jackal bites you.
You slash the jackal!
You kill the jackal!
The jackal bites you.
You hit the jackal.
You tail-slap the jackal, but do no damage.
The jackal is almost dead.
The jackal bites you but does no damage.
You hit the jackal but do no damage.
The jackal is almost dead.
The jackal bites you.
You closely miss the jackal.
The jackal is almost dead.
The jackal bites you. x2
You hit the jackal.
You kill the jackal!
No target in view!
No target in view!
No target in view!
No target in view!
No target in view!
No target in view!
No target in view!
There is an entrance to Xolyoken's Overcharged Wands here.
You see here a jackal corpse.
u - a dark potion You open the door.
There is an open door here.
Found a scale mail.
You see here a +0 scale mail.
An orc comes into view. It is wielding a +0 short sword.
The orc shouts!
The orc hits you but does no damage.
You hit the orc.
The orc is heavily wounded.
The orc hits you but does no damage.
You hit the orc.
You kill the orc!
No target in view!
No target in view!
No target in view!
No target in view!
No target in view!
No target in view!
Things that are here:
a +0 short sword; a +0 leather armour You open the door.
There is an open door here.
You open the door.
There is an open door here.
There is an entrance to Xolyoken's Overcharged Wands here.
You see here a jackal corpse.
A worm comes into view.
A worm is nearby!
A worm is nearby!
Aneyh's ghost turns its malevolent gaze towards you.
Found Goatur's Weapon Boutique.
Found a dagger.
An endoplasm comes into view.
Found a transporter.
The adder hisses angrily.
The worm closely misses you.
You hit the worm.
The worm is moderately wounded.
You barely miss the worm.
Your tail-slap misses the worm.
The worm is moderately wounded.
The worm bites you but does no damage.
You hit the worm but do no damage.
The worm is lightly wounded.
The worm bites you!
You slash the worm!
Your tail-slap misses the worm.
The worm is heavily wounded.
You hit the worm.
The worm is severely wounded.
The worm misses you.
You barely miss the worm.
The worm is severely wounded.
You hit the worm but do no damage. You tail-slap the worm.
You kill the worm!
The endoplasm freezes you.
You are frozen.
You hit the endoplasm.
You kill the endoplasm!
No target in view!
No target in view!
The bullfrog gives a loud, deep croak!
There is an entrance to Goatur's Weapon Boutique here.
Aneyh's ghost screams, "What do you have that I didn't have?"
v - a fuming ruby potion You open the door.
There is an open door here.
As you open the door, it creaks loudly!
There is an open door here.
You open the door.
There is an open door here.
An orc comes into view. It is wielding a +0 club.
A kobold comes into view. It is wielding a +0 dagger.
The kobold shouts!
The orc hits you with a +0 club.
You hit the orc.
The orc is heavily wounded.
The orc hits you but does no damage.
You hit the orc.
The orc is severely wounded.
The orc closely misses you.
You hit the orc but do no damage.
The orc is severely wounded.
The kobold hits you but does no damage. The orc hits you with a +0 club.
You hit the orc.
You kill the orc!
The kobold hits you but does no damage.
You hit the kobold.
You tail-slap the kobold, but do no damage.
The kobold is severely wounded.
The kobold hits you with a +0 dagger.
You closely miss the kobold.
The kobold is severely wounded.
The kobold hits you but does no damage.
You hit the kobold.
You kill the kobold!
Things that are here:
a +0 dagger; a kobold corpse A kobold comes into view.
It is wielding a +0 short sword.
A kobold is nearby!
A kobold is nearby!
You hit the kobold but do no damage. The kobold barely misses you.
You closely miss the kobold. You tail-slap the kobold.
You kill the kobold!
No target in view!
No target in view!
No target in view!
No target in view!
No target in view!
No target in view!
No target in view!
No target in view!
No target in view!
No target in view!
No target in view!
A kobold comes into view. It is wielding a +0 whip.
Found a transporter.
Found 18 gold pieces.
The adder hisses angrily.
The helpless kobold fails to defend itself.
You slash the kobold!
You kill the kobold!
No reachable target in view!
No reachable target in view!
No reachable target in view!
No reachable target in view!
No reachable target in view!
No reachable target in view!
No reachable target in view!
Found a quarterstaff.
The shadow imp shouts, "Escape, thou unmuzzled fool-born snake-molt!"
The bullfrog gives a loud, deep croak!
Aneyh's ghost whispers, "Meet the emptiness of death!"
The shadow imp grinds its teeth.
Key pressed, stopping explore.
You open the door.
There is an open door here.
As you open the door, it creaks loudly!
No target in view!
No target in view!
No target in view!
No target in view!
No target in view!
No target in view!
No target in view!
No target in view!
No target in view!
No target in view!
No target in view!
You open the door.
There is an open door here.
There is an open door here.
As you open the door, it creaks loudly!
There is an open door here.
Things that are here:
a +0 dagger; a kobold corpse
Things that are here:
a +0 club; a +0 chain mail
Things that are here:
a +0 club; a +0 chain mail
Things that are here:
a +0 dagger; a kobold corpse You enter the shallow water.
Moving in this stuff is going to be slow.
You enter the shallow water.
Moving in this stuff is going to be slow.
You open the door.
A kobold comes into view. It is wielding a +0 club.
A kobold is nearby!
A kobold is nearby!
The kobold shouts!
There is an open door here.
You slash the kobold!
You kill the kobold!
No target in view!
No target in view!
No target in view!
No target in view!
No target in view!
No target in view!
No target in view!
No target in view!
No target in view!
You see here a +0 club.
Found a stone staircase leading up.
You open the door.
There is an open door here.
There is an open door here.
You open the door.
There is an open door here.
You see here a +0 hand axe.
You open the door.
There is an open door here.
Partly explored, unvisited transporter.
Partly explored, unvisited transporter.
No target in view!
No target in view!
No target in view!
No target in view!
No target in view!
No target in view!
No target in view!
No target in view!
No target in view!
No target in view!
Partly explored, unvisited transporter.
Partly explored, unvisited transporter.
Partly explored, unvisited transporter.
(D) Dungeon
Where to? (Enter - D:4, ? - help)
You open the door.
There is an open door here.
There is a stone staircase leading down here.
You climb downwards.
Found 10 gold pieces.
Found Fiahamuhu's Antique Armour Emporium.
There is a stone staircase leading up here.
There is an entrance to Fiahamuhu's Antique Armour Emporium here.
You can access your shopping list by pressing '$'.
There is a fountain of clear blue water here.
Found an escape hatch in the floor.
An orc comes into view. It is wielding a +0 club.
An orc is nearby!
The orc shouts!
You hear an angry hiss.
You hear a shout!
An iguana comes into view.
An orc comes into view. It is wielding a +0 trident.
You hit the orc.
The orc is moderately wounded.
You slash the orc!
You kill the orc!
An orc priest comes into view. It is wielding a +0 mace.
An orc comes into view. It is wielding a +0 club.
You see here a +0 club.
The orc priest shouts!
The orc shouts!
You hear a shout!
You closely miss the orc priest. You tail-slap the orc priest.
The orc priest is heavily wounded.
An orc comes into view. It is wielding a +0 mace.
The orc closely misses you.
The orc priest casts a cantrip, but nothing happens.
You closely miss the orc priest.
You tail-slap the orc priest, but do no damage.
The orc priest is heavily wounded.
The orc hits you but does no damage.
The orc priest calls down the wrath of Beogh upon you.
Beogh smites you!
You hit the orc priest but do no damage.
The orc priest is heavily wounded.
The orc closely misses you. The orc priest hits you with a +0 mace!
The iguana barely misses you.
You are too injured to fight recklessly!
You are too injured to fight recklessly!
You are too injured to fight recklessly!
You are too injured to fight recklessly!
There are monsters nearby!
There are monsters nearby!
The orc priest attacks as you move away!
The orc priest hits you with a +0 mace. The iguana attacks as you move away!
The iguana closely misses you.
The orc priest invokes the aid of Beogh against you.
You barely resist. The orc attacks as you move away!
The orc hits you but does no damage. The iguana barely misses you.
The iguana attacks as you move away! The iguana closely misses you.
The orc attacks as you move away! The orc hits you with a +0 club.
* * * LOW HITPOINT WARNING * * *
The iguana hisses menacingly.
There is a stone staircase leading up here.
The orc hits you but does no damage.
You climb upwards.
Level annotation: 2 transporters, Aneyh's ghost, novice TeMo
There is a stone staircase leading down here.
You hit the orc.
The orc is almost dead.
The orc hits you but does no damage.
You closely miss the orc.
The orc is almost dead.
The orc hits you with a +0 club.
* * * LOW HITPOINT WARNING * * *
You hit the orc.
You kill the orc!
Things that are here:
a +0 club; an orc corpse You start resting.
HP restored.
There is a stone staircase leading down here.
You climb downwards.
Found a scroll labelled VUAGUJ ZEHONTAE, a dagger and a runed dagger.
Found a stone staircase leading down.
There is a stone staircase leading up here.
There are monsters nearby!
There are monsters nearby!
The orc shouts!
There is a stone staircase leading up here.
You slash the orc!
You kill the orc!
The orc misses you. The orc misses you.
You climb upwards.
Level annotation: 2 transporters, Aneyh's ghost, novice TeMo
There is a stone staircase leading down here.
You barely miss the orc. The orc barely misses you.
You barely miss the orc. You tail-slap the orc. You punch the orc.
You kill the orc!
Your Long Blades skill increases to level 7!
No target in view!
No target in view!
No target in view!
No target in view!
No target in view!
No target in view!
No target in view!
You climb downwards.
The orc hits you with a +0 mace. The orc hits you with a +0 falchion.
There is a stone staircase leading up here.
The orc barely misses you.
Items here: ) ? [ †.
Found a twisted copper ring.
Found a dagger.
Found 9 gold pieces.
You closely miss the orc. The orc hits you with a +0 mace.
You hit the orc.
The orc is almost dead.
The orc hits you with a +0 mace!
You are too injured to fight recklessly!
You are too injured to fight recklessly!
You are too injured to fight recklessly!
You are too injured to fight recklessly!
You are too injured to fight recklessly!
You are too injured to fight recklessly!
You are too injured to fight recklessly!
You are too injured to fight recklessly!
You are too injured to fight recklessly!
You are too injured to fight recklessly!
You are too injured to fight recklessly!
You are too injured to fight recklessly!
You are too injured to fight recklessly!
You are too injured to fight recklessly!
You are too injured to fight recklessly!
You are too injured to fight recklessly!
You are too injured to fight recklessly!
You are too injured to fight recklessly!
You barely miss the orc.
The orc is almost dead.
The orc barely misses you.
A scorpion comes into view.
You hit the orc.
You kill the orc!
You barely miss the orc.
You tail-slap the orc, but do no damage.
You punch the orc.
The orc is moderately wounded.
The orc hits you but does no damage.
You slash the orc!
You kill the orc!
Items here: )) [[ †.
Items here: ) ? [ †.
There is a stone staircase leading up here.
You climb upwards.
Level annotation: 2 transporters, Aneyh's ghost, novice TeMo
There is a stone staircase leading down here.
HP restored.
Partly explored, unvisited transporter.
Partly explored, unvisited transporter.
You climb downwards.
The scorpion closely misses you. The scorpion barely misses you.
There is a stone staircase leading up here.
You slash the scorpion!
Your tail-slap misses the scorpion.
The scorpion is heavily wounded.
The scorpion stings you.
You hit the scorpion.
The scorpion is severely wounded.
The scorpion closely misses you.
You hit the scorpion but do no damage.
The scorpion is severely wounded.
The scorpion stings you.
You closely miss the scorpion.
Your tail-slap misses the scorpion.
The scorpion is severely wounded.
The scorpion closely misses you. The scorpion barely misses you.
You slash the scorpion!
You kill the scorpion!
No target in view!
No target in view!
No target in view!
No target in view!
No target in view!
No target in view!
No target in view!
No target in view!
No target in view!
No target in view!
No target in view!
No target in view!
An orc is nearby!
An orc is nearby!
An orc is nearby!
An orc is nearby!
The orc shouts!
You hit the orc. You tail-slap the orc.
You kill the orc!
No target in view!
No target in view!
No target in view!
No target in view!
No target in view!
No target in view!
No target in view!
No target in view!
No target in view!
No target in view!
HP restored.
l - 3 scrolls labelled VUAGUJ ZEHONTAE (gained 1)
w - a scroll labelled QAFRAKKEATS
Things that are here:
a +0 leather armour; a +0 hand axe; an orc corpse You see here a scorpion corpse.
There is a stone staircase leading down here.
You see here a +0 dagger of venom.
Found a stone staircase leading down.
x - a ring of see invisible
x - a ring of see invisible (left hand)
You start putting on your amulet.
You continue putting on your amulet of faith. x5
You finish putting on your amulet of faith.
You feel a strange surge of divine interest.
p - an amulet of faith (around neck)
An orc comes into view. It is wielding a +0 short sword.
An orc is nearby!
An orc is nearby!
An orc is nearby!
An orc comes into view. It is wielding a +0 club.
Found a staircase to the Ecumenical Temple.
An orc comes into view. It is wielding a +0 club.
An orc comes into view. It is wielding a +0 club.
The orc shouts!
You hear a shout! x2
An orc priest and an orc come into view.
The orc priest shouts!
The orc shouts!
The orc barely misses you.
The orc shouts!
You hit the orc.
The orc is heavily wounded.
The orc hits you but does no damage. The orc closely misses you.
You hit the orc but do no damage.
The orc is heavily wounded.
The orc barely misses you.
You slash the orc!
You kill the orc!
The orc misses you.
You closely miss the orc. The orc closely misses you.
You closely miss the orc. You tail-slap the orc.
The orc is severely wounded.
The orc closely misses you. The orc barely misses you.
There are monsters nearby!
There are monsters nearby!
You closely miss the orc.
The orc is severely wounded.
The orc priest invokes the aid of Beogh against you.
Pain shoots through your body! The orc closely misses you. x2
The orc completely misses you. The orc attacks as you move away!
The orc barely misses you.
The orc priest calls upon Beogh to heal the orc.
The orc's wounds heal themselves!
The orc closely misses you. The orc attacks as you move away!
The orc hits you with a +0 club.
You see here 9 gold pieces.
The orc attacks as you move away! The orc barely misses you.
The orc priest looks satisfied for a moment.
The orc barely misses you.
The orc priest attacks as you move away!
The orc priest misses you.
There is a stone staircase leading down here.
The orc attacks as you move away! The orc hits you with a +0 club.
The orc priest calls down the wrath of Beogh upon you.
Beogh smites you!
The orc priest invokes the aid of Beogh against you.
Beogh smites you!
* * * LOW HITPOINT WARNING * * *
There is a stone staircase leading up here.
The orc barely misses you.
You climb upwards.
Level annotation: 2 transporters, Aneyh's ghost, novice TeMo
There is a stone staircase leading down here.
You hit the orc but do no damage. The orc hits you with a +0 club.
* * * LOW HITPOINT WARNING * * *
You hit the orc.
The orc is heavily wounded.
The orc hits you with a +0 club.
* * * LOW HITPOINT WARNING * * *
You closely miss the orc.
The orc is heavily wounded.
The orc closely misses you.
You hit the orc.
You kill the orc!
Things that are here:
a +0 club; a +0 chain mail HP restored.
Partly explored, unvisited transporter.
Partly explored, unvisited transporter.
Partly explored, unvisited transporter.
Things that are here:
a +0 club; a +0 chain mail
There is a stone staircase leading down here.
You climb downwards.
The orc hits you with a +0 dagger. The orc hits you with a +0 short sword.
The orc hits you but does no damage.
There is a stone staircase leading up, spattered with blood here.
The orc hits you with a +0 short sword. The orc hits you with a +0 club.
You climb upwards.
Level annotation: 2 transporters, Aneyh's ghost, novice TeMo
There is a stone staircase leading down here.
You slash the orc!
You kill the orc!
The orc closely misses you.
You hit the orc.
The orc is lightly wounded.
The orc barely misses you.
You hit the orc but do no damage. You tail-slap the orc.
The orc is almost dead.
The orc closely misses you.
You hit the orc but do no damage.
The orc is almost dead.
The orc hits you with a +0 club.
You hit the orc.
You kill the orc!
You completely miss the orc. The orc closely misses you.
You closely miss the orc. The orc hits you but does no damage.
You hit the orc.
Your tail-slap misses the orc.
The orc is moderately wounded.
The orc hits you but does no damage.
You hit the orc.
The orc is severely wounded.
The orc hits you with a +0 dagger.
You slash the orc!
You kill the orc!
No target in view!
No target in view!
No target in view!
No target in view!
No target in view!
No target in view!
No target in view!
No target in view!
No target in view!
No target in view!
HP restored.
l - 4 scrolls labelled VUAGUJ ZEHONTAE (gained 1)
Things that are here:
a +0 short sword; a +0 flail Partly explored, unvisited transporter.
There is a stone staircase leading down here.
Items here: ))) [ †.
There is a stone staircase leading down here.
You climb downwards.
The orc priest casts a cantrip, but nothing happens.
There is a stone staircase leading up, spattered with blood here.
The orc priest hits you with a +0 short sword.
You hit the orc priest.
The orc priest is heavily wounded.
The orc priest invokes the aid of Beogh against you.
Beogh smites you!
You hit the orc priest.
Your tail-slap misses the orc priest.
The orc priest is heavily wounded.
The orc priest hits you with a +0 short sword.
You closely miss the orc priest. You tail-slap the orc priest.
The orc priest is almost dead.
The orc priest looks satisfied for a moment.
You hit the orc priest. You tail-slap the orc priest.
You kill the orc priest!
You have reached level 7!
Your demonic ancestry asserts itself...
Your brain expands.
No target in view!
An orc is nearby!
An orc is nearby!
An orc is nearby!
An orc is nearby!
The orc shouts!
Found 2 bubbling silvery potions.
The orc hits you from afar with a +0 trident.
The orc barely misses you.
You hit the orc.
The orc is lightly wounded.
The orc hits you but does no damage.
You hit the orc.
The orc is heavily wounded.
The orc barely misses you.
You hit the orc.
You kill the orc!
No target in view!
No target in view!
No target in view!
No target in view!
No target in view!
No target in view!
No target in view!
No target in view!
No target in view!
No target in view!
An orc priest is nearby!
An orc priest is nearby!
An orc priest is nearby!
An orc priest is nearby!
Things that are here:
a +0 trident; a +0 ring mail The orc priest shouts!
You hear an angry hiss.
The orc priest looks encouraged for a moment.
You hit the orc priest but do no damage.
The orc priest hits you but does no damage.
You barely miss the orc priest.
The orc priest mumbles some strange prayers to Beogh against you.
Beogh smites you!
You hit the orc priest.
The orc priest is heavily wounded.
The orc priest hits you with a +0 mace.
You closely miss the orc priest.
The orc priest is heavily wounded.
The orc priest hits you with a +0 mace.
You completely miss the orc priest.
You tail-slap the orc priest, but do no damage.
The orc priest is heavily wounded.
The orc priest barely misses you.
You barely miss the orc priest.
The orc priest is heavily wounded.
The orc priest hits you with a +0 mace.
You are too injured to fight recklessly!
You are too injured to fight recklessly!
You are too injured to fight recklessly!
You are too injured to fight recklessly!
You are too injured to fight recklessly!
You are too injured to fight recklessly!
An orc priest is nearby!
An orc priest is nearby!
You are too injured to fight recklessly!
You hit the orc priest.
The orc priest is heavily wounded.
The orc priest closely misses you.
The iguana hisses angrily.
You hit the orc priest.
The orc priest is severely wounded.
The orc priest hits you with a +0 mace.
You barely miss the orc priest.
The orc priest is severely wounded.
The orc priest hits you but does no damage.
You barely miss the orc priest.
The orc priest is severely wounded.
You hit the orc priest.
The orc priest is almost dead.
The orc priest hits you with a +0 mace.
You slash the orc priest!
You kill the orc priest!
The iguana hisses menacingly.
Things that are here:
a +0 mace; a +0 scale mail; 15 gold pieces You hit the iguana but do no damage.
The iguana bites you!
* * * LOW HITPOINT WARNING * * *
You hit the iguana but do no damage. The iguana bites you!
* * * LOW HITPOINT WARNING * * *
You closely miss the iguana. The iguana bites you.
* * * LOW HITPOINT WARNING * * *
You closely miss the iguana. You punch the iguana.
The iguana is moderately wounded.
The iguana closely misses you.
You closely miss the iguana.
The iguana is moderately wounded.
The iguana barely misses you.
You hit the iguana but do no damage.
Your tail-slap misses the iguana.
The iguana is moderately wounded.
The iguana barely misses you.
You hit the iguana.
You tail-slap the iguana, but do no damage.
The iguana is moderately wounded.
The iguana bites you but does no damage.
You hit the iguana.
The iguana is heavily wounded.
The iguana closely misses you.
You hit the iguana but do no damage.
Your tail-slap misses the iguana.
The iguana is heavily wounded.
The iguana bites you but does no damage.
You slash the iguana!
The iguana is almost dead.
You hit the iguana.
You kill the iguana!
You see here an iguana corpse.
Key pressed, stopping explore.
HP restored.
You see here an iguana corpse.
You now have 298 gold pieces (gained 15).
Things that are here:
a +0 mace; a +0 scale mail
z - 2 bubbling silvery potions You now have 311 gold pieces (gained 13).
Items here: " ) [ ÷.
A - a golden potion An adder comes into view.
Found a thin runed staff.
Found a stone staircase leading down.
The adder bites you.
You barely miss the adder. The adder closely misses you.
You closely miss the adder. You tail-slap the adder.
The adder is heavily wounded.
The adder barely misses you.
You slash the adder!
You kill the adder!
No target in view!
No target in view!
No target in view!
No target in view!
No target in view!
A scorpion comes into view.
A scorpion is nearby!
You closely miss the scorpion. You punch the scorpion.
The scorpion is lightly wounded.
The scorpion stings you.
You closely miss the scorpion.
The scorpion is lightly wounded.
The scorpion barely misses you.
You hit the scorpion.
The scorpion is moderately wounded.
The scorpion stings you but does no damage.
You hit the scorpion. You tail-slap the scorpion.
The scorpion is severely wounded.
The scorpion stings you.
You hit the scorpion but do no damage.
Your tail-slap misses the scorpion.
The scorpion is severely wounded.
The scorpion closely misses you.
You slash the scorpion!
You kill the scorpion!
No target in view!
No target in view!
No target in view!
No target in view!
You see here a staff of conjuration.
You now have 323 gold pieces (gained 12).
You now have 332 gold pieces (gained 9).
A phantom comes into view.
The phantom moves out of view.
A phantom is nearby!
The phantom closely misses you.
You hit the phantom. Your punch misses the phantom.
The phantom is lightly damaged.
The phantom hits you.
The phantom blinks!
You blink.
You hit the phantom.
Your tail-slap misses the phantom.
The phantom is moderately damaged.
The phantom hits you.
You barely miss the phantom.
The phantom is moderately damaged.
The phantom hits you.
The phantom blinks!
You blink.
You hit the phantom.
The phantom is heavily damaged.
You barely miss the phantom. You tail-slap the phantom.
The phantom is heavily damaged.
The phantom barely misses you.
You barely miss the phantom.
You tail-slap the phantom, but do no damage.
The phantom is heavily damaged.
The phantom barely misses you.
You hit the phantom.
The phantom is severely damaged.
The phantom hits you but does no damage.
You hit the phantom.
The phantom is almost destroyed.
The phantom hits you.
The phantom blinks!
You blink.
You hit the phantom.
You destroy the phantom!
Your Long Blades skill increases to level 8!
No target in view!
Things that are here:
a +0 mace; a +0 scale mail You see here an iguana skeleton.
You now have 342 gold pieces (gained 10).
A hobgoblin comes into view. It is wielding a +0 scythe.
A hobgoblin is nearby!
A hobgoblin is nearby! 3 hobgoblins come into view.
The hobgoblin shouts! x3; You hear a shout! x2
A hobgoblin comes into view. It is wielding a +0 scythe.
The hobgoblin misses you.
The hobgoblin hits you from afar with a +0 scythe.
The hobgoblin moves out of view.
You barely miss the hobgoblin.
The hobgoblin hits you with a +0 scythe!
The hobgoblin barely misses you. The hobgoblin closely misses you.
You completely miss the hobgoblin.
You tail-slap the hobgoblin, but do no damage.
A hobgoblin comes into view. It is wielding a +0 scythe.
The hobgoblin hits you but does no damage.
The hobgoblin barely misses you.
You barely miss the hobgoblin. The hobgoblin closely misses you.
The hobgoblin misses you. The hobgoblin closely misses you.
The hobgoblin barely misses you.
You hit the hobgoblin but do no damage.
The hobgoblin hits you with a +0 scythe!
The hobgoblin hits you from afar with a +0 scythe!
* * * LOW HITPOINT WARNING * * *
The hobgoblin closely misses you.
You are too injured to fight recklessly!
You are too injured to fight recklessly!
You are too injured to fight recklessly!
You are too injured to fight recklessly!
You are too injured to fight recklessly!
You are too injured to fight recklessly!
You are too injured to fight recklessly!
There are monsters nearby!
The hobgoblin attacks as you move away! The hobgoblin misses you.
The hobgoblin hits you from afar with a +0 scythe!
* * * LOW HITPOINT WARNING * * *
The hobgoblin hits you from afar with a +0 scythe!
* * * LOW HITPOINT WARNING * * *
Found 7 gold pieces.
There is a stone staircase leading up, spattered with blood here.
The hobgoblin hits you from afar with a +0 scythe.
* * * LOW HITPOINT WARNING * * *
You climb upwards.
Level annotation: 2 transporters, Aneyh's ghost, novice TeMo
There is a stone staircase leading down here.
Key pressed, stopping explore.
HP restored.
Partly explored, unvisited transporter.
Partly explored, unvisited transporter.
Things that are here:
a +0 short sword; a +0 flail You see here 5 stones.
There is a stone staircase leading down here.
You climb downwards.
There is a stone staircase leading up here.
You see here a +0 club.
Found a war axe.
Found 6 stones.
No target in view!
No target in view!
No target in view!
No target in view!
No target in view!
No target in view!
A white imp comes into view.
The white imp shouts!
You hear an angry hiss.
You hear a shout!
An iguana comes into view.
There are monsters nearby!
There are monsters nearby!
There are monsters nearby!
Ijyb the Twisted Goblin comes into view.
She is wielding a +2 dagger of electrocution and carrying a wand of paralysis (10).
Ijyb shouts!
Ijyb zaps a wand.
You resist with some effort. The white imp barely misses you.
You hit the white imp.
Your tail-slap misses the white imp.
Your punch misses the white imp.
The white imp is lightly wounded.
The white imp closely misses you.
You hit the white imp but do no damage.
The white imp is lightly wounded.
The white imp closely misses you.
You closely miss the white imp.
The white imp is lightly wounded.
The white imp misses you.
You slash the white imp!
The white imp is almost dead.
The white imp gestures at you. The puff of frost hits you!
You hit the white imp but do no damage.
You tail-slap the white imp, but do no damage.
The white imp is almost dead.
The white imp gestures at you. The puff of frost hits you!
The iguana bites you!
You are too injured to fight recklessly!
You are too injured to fight recklessly!
You are too injured to fight recklessly!
You are too injured to fight recklessly!
You are too injured to fight recklessly!
You are too injured to fight recklessly!
You are too injured to fight recklessly!
You are too injured to fight recklessly!
You are too injured to fight recklessly!
You are too injured to fight recklessly!
You are too injured to fight recklessly!
You are too injured to fight recklessly!
You are too injured to fight recklessly!
The white imp attacks as you move away!
The white imp hits you but does no damage.
The white imp attacks as you move away! The white imp hits you.
The white imp freezes you.
* * * LOW HITPOINT WARNING * * *
The white imp gestures at you. The puff of frost hits you!
* * * LOW HITPOINT WARNING * * *
The iguana attacks as you move away! The iguana closely misses you.
The iguana attacks as you move away! The iguana bites you!
* * * LOW HITPOINT WARNING * * *
The white imp gestures at you. The puff of frost misses you.
Ijyb zaps a wand.
You resist with some effort. The iguana attacks as you move away!
The iguana closely misses you. The iguana attacks as you move away!
The iguana bites you.
* * * LOW HITPOINT WARNING * * *
The white imp gestures at you. The puff of frost hits you!
You die...

##'##..........#)#......#
#.. #.g
#....g.......#.....## #..
#.g
#............#.###.###
#.# ### ##.........###.#
#...# #.#
##....>........# ###.#
#.# #...........####
#.####.# #.......g.....#
#...##.# ##............#
###....# ##....)..@...#
###..# #......#..l#####
#..# #...#####...g..#
##.. #...# ###.##.#####
#.. #####...#
##...5......## #.#
###......<#
##............###.#
......##..#
#...............#.#
.####.⌠.⌠.#
#.................#
#..∩.##
#..............#..)


You could see Ijyb, an iguana, a white imp and 2 hobgoblins.

Vanquished Creatures
  An ogre (D:4)
  2 phantoms
  2 scorpions (D:5)
  3 orc priests
  Jessica (D:3)
  2 iguanas
  4 adders
  2 river rats (D:3)
  2 worms (D:4)
  2 dart slugs
  28 orcs
  10 endoplasms
  4 giant cockroaches
  9 goblins
  11 hobgoblins
  5 jackals
  4 quokkas
  14 ball pythons
  4 bats (D:1)
  11 kobolds
  7 rats
128 creatures vanquished.

Notes
Turn   | Place    | Note
-------+----------+-------------------------------------------
     0 | D:1      | sleeves the Demonspawn Monk began the quest for the Orb.
     0 | D:1      | Reached XP level 1. HP: 18/18 MP: 1/1
    16 | D:1      | HP: 9/18 [constriction (1)]
    20 | D:1      | Reached skill level 3 in Long Blades
    23 | D:1      | HP: 6/18 [endoplasm (2)]
    30 | D:1      | HP: 2/18 [rat (2)]
    31 | D:1      | Gained mutation: You regenerate magic rapidly. [demonic
                  | ancestry]
    31 | D:1      | Reached XP level 2. HP: 3/24 MP: 2/2
   541 | D:1      | Found a faded altar of an unknown god.
   800 | D:2      | Gained mutation: You have a small tail. [demonic ancestry]
   800 | D:2      | Reached XP level 3. HP: 29/29 MP: 3/3
   868 | D:2      | Reached skill level 4 in Long Blades
  1237 | D:2      | Reached XP level 4. HP: 22/35 MP: 4/4
  1453 | D:3      | Noticed Jessica
  1460 | D:3      | Killed Jessica
  1461 | D:3      | Reached skill level 5 in Long Blades
  1602 | D:3      | Reached XP level 5. HP: 37/41 MP: 5/5
  2071 | D:3      | HP: 19/41 [river rat (4)]
  2076 | D:3      | HP: 18/41 [giant cockroach (2)]
  2081 | D:3      | HP: 8/41 [river rat (6)]
  2497 | D:3      | Found a bloodstained altar of Trog.
  2787 | D:4      | Noticed an ogre
  2798 | D:4      | Killed an ogre
  2799 | D:4      | Reached skill level 6 in Long Blades
  2799 | D:4      | Gained mutation: You have an unusually large brain. (Int
                  | +2) [demonic ancestry]
  2799 | D:4      | Reached XP level 6. HP: 35/47 MP: 6/6
  3288 | D:4      | Found Xolyoken's Overcharged Wands.
  3484 | D:4      | Noticed Aneyh's ghost (novice TeMo)
  3486 | D:4      | Found Goatur's Weapon Boutique.
  3488 | D:4      | Found a transporter.
  3490 | D:4      | Noticed a sky beast
  3654 | D:4      | Found a transporter.
  3869 | D:5      | Entered Level 5 of the Dungeon
  3869 | D:5      | Found Fiahamuhu's Antique Armour Emporium.
  3893 | D:5      | HP: 21/47 [orc/+0 club (5)]
  3899 | D:4      | HP: 21/47 [orc/+0 club (2)]
  4028 | D:4      | Reached skill level 7 in Long Blades
  4155 | D:5      | Found a staircase to the Ecumenical Temple.
  4176 | D:5      | HP: 12/47 [orc priest/divine providence (17)]
  4402 | D:5      | Gained mutation: You have an extremely huge brain. (Int +4)
                  | [demonic ancestry]
  4402 | D:5      | Reached XP level 7. HP: 37/52 MP: 7/7
  4470 | D:5      | HP: 24/52 [iguana (9)]
  4721 | D:5      | Reached skill level 8 in Long Blades
  4810 | D:5      | HP: 19/52 [hobgoblin/+0 scythe (13)]
  4811 | D:5      | HP: 2/52 [hobgoblin/+0 scythe (10)]
  4833 | D:5      | HP: 3/52 [hobgoblin/+0 scythe (6)]
  5074 | D:5      | Noticed Ijyb
  5082 | D:5      | HP: 23/52 [white imp (5)]
  5092 | D:5      | HP: 8/52 [iguana (8)]
  5101 | D:5      | HP: 4/52 [iguana (6)]
  5102 | D:5      | Killed from afar by a white imp

Illustrated notes

Levels and vault maps discovered:
D:1:      eino_arrival_tree_alley, layout_loops_cross,
          shapermc_ecumenical_altar_acropolis
D:2:      layout_basic, nicolae_kite_square_tiling_tiny, minmay_pentomino_w2
D:3:      layout_loops_corners, trog_hazing_becter, portal_sewer_entry_b,
          wad_orctagon, uniq_jessica
D:4:      minmay_thinvault, layout_loops_corners, serial_shops, shop,
          gammafunk_ghost_arena, chequers_serial_rivers_small_b,
          chequers_serial_rivers_marsh, kennysheep_nondescript,
          hangedman_feature_mirror, nicolae_shop_overcharged_wands
D:5:      layout_rooms, minmay_temple_entry_crystal_x, serial_shops,
          shop_fountains, sigmund_army, uniq_ijyb

Skill      XL: |  1  2  3  4  5  6  7 |
---------------+----------------------+-----
Long Blades    | 3 4 5 6 7 8 |  8.1
Fighting       | |  3.0
Dodging        | |  2.6
Stealth        | |  1.7

Action                   |  1- 3 |  4- 6 |  7- 9 || total
-------------------------+-------+-------+-------++-------
Melee: Falchion          |   107 |   257 |    53 ||   417
       Tailslap          |     5 |    42 |     8 ||    55
       Punch             |       |     3 |     2 ||     5
 Stab: Sleeping          |     3 |     1 |       ||     4
Armor: Robe              |    12 |       |       ||    12
       Ring mail         |    24 |    64 |     9 ||    97
Dodge: Dodged            |    84 |   139 |    32 ||   255

Table legend: (Time is in decaauts)
 A = Elapsed time spent in this place.
 B = Non-inter-level travel time spent in this place.
 C = Inter-level travel time spent in this place.
 D = Time resting spent in this place.
 E = Time spent auto-exploring this place.
 F = Levels seen in this place.
 G = Mean time per level.
                   A        B        C        D        E       F      G
               +--------+--------+--------+--------+--------+-----+--------+
         Total |   5121 |   4929 |    192 |    141 |   3809 |   5 | 1024.2 |
       Dungeon |   5121 |   4929 |    192 |    141 |   3809 |   5 | 1024.2 |
               +--------+--------+--------+--------+--------+-----+--------+

Top non-repeatable levels by time:
     D:4: 1874 daAuts
     D:3: 1314 daAuts
     D:1: 743 daAuts
     D:5: 636 daAuts
     D:2: 553 daAuts
